AoeStats
← Masolas

Black Forest

509682125Analyzed
3v3 RM · 5d ago on Sep 27, 2026· 55m 19s· 6 players
Game mode
Random Map
Map size
Normal (6 player)
Population
200
Speed
Normal
Resources
Standard
Victory
Conquest
Starting age
Dark Age
Ending age
Imperial Age
RankedLock teamsTeams togetherTeam positionsShared explorationLock speedFull tech treeHidden civsTurbo modeCheats
Victory
Defeat
🇸🇪 Bohemians · Sweden
954
+17
🇸🇪 Burgundians · Sweden
933
+17
🇸🇪 Turks · Sweden
905
+19
🇨🇦 Varangians · Canada
993
-19
🇨🇦 Mongols · Canada
955
-17
🇨🇦 Wei · Canada
946
-17
N3DDI
2:46 Loom
16:38 Feudal Age
18:36 Double-Bit Axe
21:14 Castle Age
19:41 Horse Collar
22:32 Wheelbarrow
23:47 Bow Saw
25:42 Heavy Plow
28:24 Stone Mining
29:13 Hand Cart
31:39 Gold Mining
32:11 Fletching
32:23 Padded Archer Armor
33:29 Gold Shaft Mining
32:59 Town Watch
39:00 Imperial Age
36:51 Leather Archer Armor
37:16 Ballistics
36:54 Murder Holes
39:20 Elite Janissary
40:23 Conscription
41:41 Two-Man Saw
40:47 Town Patrol
41:34 Artillery
42:17 Bodkin Arrow
42:53 Ring Archer Armor
44:02 Bracer
44:13 Forging
44:09 Scale Barding Armor
44:31 Husbandry
46:36 Iron Casting
46:44 Iron Casting
46:18 Heavy Camel Rider
47:09 Bloodlines
49:34 Caravan
53:00 Blast Furnace
55:00 Chain Barding Armor
Skeepilten
0:28 Loom
15:18 Feudal Age
14:30 Wheelbarrow
13:46 Double-Bit Axe
13:44 Horse Collar
14:04 Stone Mining
14:21 Gold Mining
22:03 Castle Age
20:57 Hand Cart
21:31 Town Watch
22:10 Bow Saw
22:05 Heavy Plow
33:21 Caravan
36:55 Imperial Age
34:57 Scale Barding Armor
36:40 Chain Barding Armor
36:59 Burgundian Vineyards
40:16 Chemistry
39:45 Forging
39:26 Fletching
39:36 Scale Mail Armor
39:36 Padded Archer Armor
39:49 Squires
40:38 Elite Coustillier
46:17 Pikeman
46:43 Arson
46:23 Elite Skirmisher
48:06 Plate Barding Armor
47:47 Chain Mail Armor
48:07 Iron Casting
47:28 Bodkin Arrow
47:48 Leather Archer Armor
48:03 Conscription
ellarn
11:24 Feudal Age
15:22 Castle Age
14:04 Horse Collar
14:46 Double-Bit Axe
18:15 Chemistry
22:16 Padded Archer Armor
30:57 Imperial Age
30:44 Bow Saw
30:37 Heavy Plow
30:55 Leather Archer Armor
30:30 Fletching
32:33 Ring Archer Armor
34:09 Caravan
34:49 Bodkin Arrow
42:35 Pikeman
43:15 Squires
50:34 Houfnice
51:38 Bracer
53:17 Capped Ram
cargoyle
11:29 Loom
13:17 Feudal Age
18:53 Castle Age
17:56 Double-Bit Axe
17:54 Horse Collar
23:18 Wheelbarrow
23:13 Bow Saw
26:50 Gold Mining
29:14 Heavy Plow
32:06 Hand Cart
32:57 Padded Archer Armor
32:52 Fletching
33:45 Bloodlines
33:36 Husbandry
33:22 Light Cavalry
37:01 Stone Mining
39:06 Forging
39:02 Scale Barding Armor
38:56 Bodkin Arrow
39:16 Leather Archer Armor
43:48 Imperial Age
44:19 Elite Mangudai
45:34 Bracer
45:56 Chain Barding Armor
46:11 Iron Casting
45:54 Hussar
50:41 Blast Furnace
NeoZenith
12:50 Loom
15:59 Feudal Age
16:35 Double-Bit Axe
17:30 Wheelbarrow
23:40 Castle Age
25:09 Hand Cart
26:45 Bloodlines
26:38 Husbandry
26:53 Forging
26:48 Scale Barding Armor
27:03 Bow Saw
28:16 Horse Collar
30:38 Heavy Plow
30:31 Gold Mining
30:32 Stone Mining
42:11 Imperial Age
43:49 Heavy Hei Guang Cavalry
45:42 Ming Guang Armor
45:38 Conscription
48:47 Elite Tiger Cavalry
Masolas
6:16 Loom
13:01 Feudal Age
17:07 Castle Age
15:08 Double-Bit Axe
20:03 Horse Collar
20:46 Heavy Plow
22:09 Town Watch
23:02 Wheelbarrow
24:31 Fortified Wall
25:35 Masonry
27:44 Stone Mining
27:44 Gold Mining
28:40 Hand Cart
28:10 Town Watch
29:13 Fletching
30:11 Town Patrol
30:57 Stone Shaft Mining
30:33 Bodkin Arrow
31:38 Scale Barding Armor
31:48 Forging
32:55 Chain Barding Armor
33:10 Caravan
33:48 Ballistics
33:24 Murder Holes
34:00 Elite Skirmisher
47:14 Imperial Age
47:30 Iron Casting
47:17 Elite Jarl
48:37 Plate Barding Armor
48:33 Conscription
50:32 Blast Furnace
49:33 Bracer
52:53 Padded Archer Armor
Connection lost

Rejoining the realm…

Still unreachable

The connection could not be restored.

Session expired

The server has moved on; the page needs a fresh start.